 Dungeon Crawl Stone Soup version 0.18.1-6-gd335043 (webtiles) character file.

3742 Scarto the Skirmisher (level 9, -1/73 HPs)
             Began as a Demonspawn Fighter on May 18, 2016.
             Was a High Priest of Okawaru.
             Slain by a vampire (5 damage)
             ... on level 8 of the Dungeon.
             The game lasted 00:18:32 (9100 turns).

Scarto the Skirmisher (Demonspawn Fighter)          Turns: 9100, Time: 00:18:33

Health: -1/73      AC: 10    Str: 19    XL:     9   Next: 93%
Magic:  9/9        EV: 10    Int:  9    God:    Okawaru [*****.]
Gold:   206        SH:  0    Dex: 23    Spells: 0 memorised, 8 levels left

rFire  . . .     SeeInvis .     r - +4 mace
rCold  + . .     Gourm    .     p - +0 chain mail
rNeg   . . .     Faith    .     w - +0 large shield
rPois  .         Spirit   .     (helmet unavailable)
rElec  .         Dismiss  .     (no cloak)
rCorr  .         Reflect  +     (no gloves)
SustAt +         Harm     .     (no boots)
MR     +....                    o - +3 amulet of reflection
Stlth  ..........               n - ring of sustain attributes
                                f - ring of protection from cold

@: confused, agile, somewhat resistant to hostile enchantments, extremely
unstealthy
A: horns 3, agile 2, magic resistance 1, powered by pain 2, sturdy frame 1
a: Heroism, Finesse, Renounce Religion


You were on level 8 of the Dungeon.
You worshipped Okawaru.
Okawaru was extremely pleased with you.
You were not hungry.

You visited 1 branch of the dungeon, and saw 8 of its levels.
You also visited: Ossuary.

You collected 422 gold pieces.
You spent 216 gold pieces at shops.

Inventory:

Hand Weapons
 a - a +0 war axe
 r - a +4 mace (weapon)
Missiles
 x - 2 tomahawks (quivered)
Armour
 p - a +0 chain mail (worn)
 w - a +0 large shield (worn)
Jewellery
 f - a ring of protection from cold (left hand)
 n - a ring of sustain attributes (right hand)
 o - a +3 amulet of reflection (around neck)
 z - an uncursed amulet of rage
Scrolls
 b - a scroll of recharging
 e - a scroll of fear
 g - a scroll of enchant weapon
 h - a scroll of teleportation
 i - a scroll of magic mapping
 k - 4 scrolls of remove curse
 q - 3 scrolls of blinking
 t - 4 scrolls of identify
Potions
 c - a potion of haste
 d - a potion of ambrosia
 m - 4 potions of flight
 s - a potion of lignification
 B - a potion of curing
Comestibles
 j - 2 slices of pizza
 l - 5 fruits
 u - 9 royal jellies
 v - 3 beef jerkies


   Skills:
 + Level 7.7 Fighting
 + Level 6.5(6.6) Axes
 + Level 1.5(4.4) Maces & Flails
 + Level 7.1 Armour
 + Level 7.0 Shields


You had 8 spell levels left.
You didn't know any spells.

Dungeon Overview and Level Annotations

Branches:
Dungeon (8/15)             Temple (0/1) D:6
   Lair: D:8-11

Altars:
Ashenzari
Fedhas
Okawaru
Qazlal
Vehumet
Yredelemnul
The Shining One

Shops:
D:4 }(%}[   D:5 (


Innate Abilities, Weirdness & Mutations

You have a pair of large horns on your head.
You sometimes gain power by taking damage.
Your movements are slightly less encumbered by armour (ER -2).
You are very agile. (Dex +4)
You are resistant to hostile enchantments.


Message History

* * * LOW HITPOINT WARNING * * *
Something bites you.
* * * LOW HITPOINT WARNING * * *
Drink which item? (? for menu, Esc to quit)
You feel better.
You hear some strange, mumbled words.
You are confused.
You hit something. Something hits you but does no damage. Something bites you.
* * * LOW HITPOINT WARNING * * *
Something draws strength from your injuries!
Something hits you!
* * * LOW HITPOINT WARNING * * *
You focus on the pain.
You feel agile all of a sudden. Something bites you.
* * * LOW HITPOINT WARNING * * *
You're too confused!
Unknown command.
You sock something! Something hits you.
You die...

.###..##...# ...#
...#+###†.†##...###...##.
.P.........†.............
..P......................
P........................
.P.......................
P.P......................
PP.P.....................
.PP.............@........
PPP..#..##....###...##.
.P..##..##....## ###
PP.P....#......#
PPP.....#......#
PP......#......#
.#....#......# #......#
###...##


There were no monsters in sight!

Vanquished Creatures
  Pikel (D:4)
  The ghost of lightmor the Cleaver, a novice HOFi of Pakellas (Ossuary)
  A steam dragon (D:8)
  A hungry ghost (D:6)
  Menkaure (Ossuary)
  2 soldier ants (D:8)
  4 sky beasts
  A phantom (D:5)
  An ogre (D:5)
  2 crocodiles (D:8)
  4 giant frogs
  A water moccasin zombie (D:7)
  A scorpion (D:7)
  3 howler monkeys
  A troll zombie (Ossuary)
  4 centaur zombies
  A hound (D:4)
  A giant frog skeleton (D:4)
  A human zombie (Ossuary)
  4 orc priests (D:7)
  4 orc wizards
  A centaur skeleton (D:4)
  An iguana (D:7)
  6 worker ants
  An ogre zombie (Ossuary)
  A hound zombie (D:6)
  6 mummies (Ossuary)
  A river rat (D:8)
  6 adders
  4 gnolls (D:3)
  An ooze (D:3)
  5 adder zombies (Ossuary)
  2 adder skeletons
  7 worms
  3 dart slugs
  3 giant geckos
  19 orcs
  3 ball pythons
  7 giant cockroaches
  10 goblins
  12 hobgoblins
  9 jackals
  5 quokkas
  12 bats
  7 giant newts
  A gnoll zombie (Ossuary)
  3 goblin zombies (Ossuary)
  A hobgoblin zombie (Ossuary)
  5 kobolds
  7 kobold zombies (Ossuary)
  3 quokka zombies (Ossuary)
  8 rats
  4 rat zombies (Ossuary)
204 creatures vanquished.

Vanquished Creatures (others)
  A giant gecko (D:4)
  3 orcs (D:4)
  4 fungi (D:8)
8 creatures vanquished.

Grand Total: 212 creatures vanquished

Notes
Turn   | Place    | Note
--------------------------------------------------------------
     0 | D:1      | Scarto the Demonspawn Fighter began the quest for the Orb.
     0 | D:1      | Reached XP level 1. HP: 18/18 MP: 1/1
   444 | D:1      | Gained mutation: You sometimes gain a little power by taking damage. [demonic ancestry]
   444 | D:1      | Reached XP level 2. HP: 17/24 MP: 2/2
   958 | D:2      | Gained mutation: Your movements are slightly less encumbered by armour (ER -2). [demonic ancestry]
   958 | D:2      | Reached XP level 3. HP: 26/29 MP: 3/3
  1534 | D:3      | Gained mutation: Your spells are a little easier to cast, but a little less powerful. [potion of mutation]
  1534 | D:3      | Gained mutation: You are dopey. (Int -2) [potion of mutation]
  1534 | D:3      | Gained mutation: You are occasionally teleported next to monsters. [potion of mutation]
  1594 | D:3      | Found a blossoming altar of Fedhas.
  1719 | D:3      | Gained mutation: You sometimes gain power by taking damage. [demonic ancestry]
  1719 | D:3      | Reached XP level 4. HP: 26/37 MP: 4/4
  2044 | D:3      | Found an iron altar of Okawaru.
  2058 | D:3      | Became a worshipper of Warmaster Okawaru
  2316 | D:3      | Gained mutation: You have a pair of small horns on your head. [demonic ancestry]
  2316 | D:3      | Reached XP level 5. HP: 23/42 MP: 5/5
  3228 | D:4      | Found Uheemy's Weapon Boutique.
  3252 | D:4      | Found Gotiudwomiu's Food Shoppe.
  3276 | D:4      | Reached XP level 6. HP: 40/48 MP: 6/6
  3291 | D:4      | Found Padov's Gadget Emporium.
  3493 | D:4      | Found a sand-covered staircase.
  3498 | Ossuary  | Entered an ossuary
  3554 | Ossuary  | Noticed lightmor's ghost (novice HOFi)
  3576 | Ossuary  | Killed lightmor's ghost
  3576 | Ossuary  | Reached * piety under Okawaru
  3576 | Ossuary  | Reached ** piety under Okawaru
  3576 | Ossuary  | Reached skill level 5 in Fighting
  3576 | Ossuary  | Gained mutation: You have a pair of horns on your head. [demonic ancestry]
  3576 | Ossuary  | Reached XP level 7. HP: 12/56 MP: 7/7
  4680 | Ossuary  | Noticed Menkaure
  4691 | Ossuary  | Reached skill level 5 in Armour
  4701 | Ossuary  | Killed Menkaure
  4701 | Ossuary  | Reached skill level 5 in Shields
  4701 | Ossuary  | Reached XP level 8. HP: 63/63 MP: 8/8
  4935 | D:4      | Lost mutation: You are occasionally teleported next to monsters. [potion of cure mutation]
  4935 | D:4      | Lost mutation: You are dopey. (Int -2) [potion of cure mutation]
  4935 | D:4      | Lost mutation: Your spells are a little easier to cast, but a little less powerful. [potion of cure mutation]
  5004 | D:4      | Found Totiqix's Antique Armour Boutique.
  5012 | D:4      | Bought a ruby-encrusted scale mail for 216 gold pieces
  5022 | D:4      | Identified the +0 scale mail of Onnas {+Inv Str-3 Stlth+} (You bought it in a shop on level 4 of the Dungeon)
  5103 | D:4      | Found Pefoh's Gadget Emporium.
  5149 | D:4      | Noticed Pikel
  5161 | D:4      | HP: 3/64 [Pikel/whip of electrocution (10)]
  5162 | D:4      | Killed Pikel
  5162 | D:4      | Reached *** piety under Okawaru
  5162 | D:4      | Reached skill level 5 in Axes
  5762 | D:5      | Entered Level 5 of the Dungeon
  6553 | D:5      | Found Aqusuepp's Weapon Shop.
  6729 | D:6      | Reached XP level 9. HP: 44/71 MP: 9/9
  7232 | D:6      | Reached **** piety under Okawaru
  7238 | D:6      | Gained mutation: You are frail (-10% HP). [mutagenic meat]
  7262 | D:6      | Found an iron altar of Okawaru.
  7263 | D:6      | Lost mutation: You are frail (-10% HP). [potion of cure mutation]
  7376 | D:6      | Found a staircase to the Ecumenical Temple.
  7627 | D:7      | Found a radiant altar of Vehumet.
  7652 | D:7      | Gained mutation: You have a pair of large horns on your head. [mutagenic meat]
  7653 | D:7      | Gained mutation: You are resistant to hostile enchantments. [mutagenic meat]
  7654 | D:7      | Gained mutation: You are agile. (Dex +2) [mutagenic meat]
  7655 | D:7      | Gained mutation: You are very agile. (Dex +4) [mutagenic meat]
  8095 | D:7      | Found a basalt altar of Yredelemnul.
  8256 | D:7      | Found a glowing golden altar of the Shining One.
  8510 | D:8      | Found a stormy altar of Qazlal.
  8513 | D:8      | Found a shattered altar of Ashenzari.
  8605 | D:8      | Reached skill level 1 in Maces & Flails
  8621 | D:8      | Reached ***** piety under Okawaru
  9098 | D:8      | HP: 3/73 [something (5)]
  9100 | D:8      | Slain by a vampire

Skill      XL: |  1  2  3  4  5  6  7  8  9 |
---------------+----------------------------+-----
Axes           | 2 3 4 5 6 |  6.5
Shields        | 3 4 5 7 |  7.0
Armour         | 3 4 5 6 7 |  7.1
Fighting       | 4 5 6 7 |  7.7
Maces & Flails | 1 |  1.5

Action                   |  1- 3 |  4- 6 |  7- 9 || total
-------------------------+-------+-------+-------++-------
Melee: War axe           |   137 |   198 |   342 ||   677
       Headbutt          |       |    14 |   105 ||   119
       Mace              |       |       |    80 ||    80
  Use: Potion            |     6 |     1 |     8 ||    15
       Scroll            |     4 |       |    10 ||    14
 Stab: Invisible         |       |       |     5 ||     5
  Eat: Bread ration      |     1 |       |     1 ||     2
       Chunk             |       |     2 |     5 ||     7
       Fruit             |       |     3 |       ||     3
       Meat ration       |       |       |     3 ||     3
       Beef jerky        |       |       |     3 ||     3
Armor: Scale mail        |    66 |    16 |       ||    82
       Chain mail        |       |    62 |   145 ||   207
       Skin              |       |       |     3 ||     3
Dodge: Dodged            |    33 |    39 |    45 ||   117
Block: Shield            |    73 |    75 |       ||   148
       Large shield      |       |    76 |   352 ||   428
       Reflection        |       |       |     3 ||     3
